 Dungeon Crawl Stone Soup version 0.30.1-3-gfc49f6343a (webtiles) character file.

Game seed: 129159855283032038

58039 Atelerd the Thaumaturge (level 14, 0/83 HPs)
             Began as an Octopode Earth Elementalist on Aug 2, 2023.
             Was a High Priest of Sif Muna.
             Slain by a slime creature (18 damage)
             ... in an ice cave.
             The game lasted 01:17:58 (27992 turns).

Atelerd the Thaumaturge (OpEE)                     Turns: 27992, Time: 01:17:58

Health: 0/83       AC:  7    Str:  7    XL:     14   Next: 88%
Magic:  22/32      EV: 21    Int: 20    God:    Sif Muna [*****.]
Gold:   1141       SH:  0    Dex: 15    Spells: 18/41 levels left

rFire   . . .        F - +5 short sword
rCold   . . .        (no shield)
rNeg    + . .        (helmet restricted)
rPois   .            y - amulet of the acrobat
rElec   .            b - +4 ring of protection
rCorr   +            f - ring of resist corrosion
SInv    .            T - +5 ring of evasion
Will    +....        U - ring of positive energy
Stlth   ++++++       (no ring)
HPRegen 0.33/turn    (no ring)
MPRegen 0.23/turn    (no ring)
                     (no ring)

%: acrobat
@: channelling, very slightly contaminated
A: almost no armour, amphibious, 8 rings, camouflage 1, gelatinous body 1,
(nimble swimmer 1), tentacles, iridescent scales 1
a: Renounce Religion, Channel Magic, Forget Spell, Divine Exegesis


You were in an ice cave.
You worshipped Sif Muna.
Sif Muna was extremely pleased with you.
You visited 4 branches of the dungeon, and saw 20 of its levels.
You also visited: Ice Cave.

You collected 1201 gold pieces.
You spent 60 gold pieces at shops.

Inventory:

Hand Weapons
 d - a +0 dagger
 F - a +5 short sword (weapon)
 I - the +5 hand axe "Depti" {freeze, *Corrode +Blink Stlth+}
   (You took it off a kobold brigand on level 7 of the Dungeon)

   +Blink:    It lets you blink.
   *Corrode:  It may corrode you when you take damage.
   Stlth:     It makes you more stealthy.
Missiles
 B - 7 curare-tipped darts
 L - a boomerang of dispersal
 R - a throwing net
Magical Staves
 q - a staff of air
Jewellery
 b - a +4 ring of protection (left tentacle)
 f - a ring of resist corrosion (right tentacle)
 k - a ring of flight
 y - an amulet of the acrobat (around mantle)
 C - an amulet of magic regeneration
 T - a +5 ring of evasion (on tentacle)
 U - a ring of positive energy (on tentacle)
Wands
 G - a wand of charming (9)
 J - a wand of quicksilver (2)
 O - a wand of digging (4)
 P - a wand of roots (3)
 Q - a wand of polymorph (5)
 S - a wand of mindburst (7)
Scrolls
 c - 3 scrolls of poison
 e - 2 scrolls of teleportation
 h - 3 scrolls of torment
 i - a scroll of silence
 j - 2 scrolls of enchant weapon
 n - 3 scrolls of amnesia
 o - a scroll of noise
 r - 4 scrolls of immolation
 u - a scroll of enchant armour
 w - 4 scrolls of vulnerability
 D - 3 scrolls of fog
 E - a scroll of brand weapon
Potions
 a - a potion of magic
 g - 4 potions of might
 l - a potion of resistance
 m - 7 potions of curing
 p - a potion of haste
 t - a potion of mutation
 v - 2 potions of attraction
 A - a potion of ambrosia
 H - 2 potions of brilliance
 K - 2 potions of lignification


   Skills:
 - Level 3.0 Fighting
 - Level 3.0 Short Blades
 - Level 7.1 Dodging
 - Level 13.1 Stealth
 - Level 14.0 Spellcasting
 * Level 7.2 Conjurations
 - Level 4.0 Transmutations
 - Level 5.0 Ice Magic
 - Level 8.2 Air Magic
 - Level 10.0 Earth Magic
 - Level 3.0 Poison Magic
 - Level 7.2 Invocations


You had 18 spell levels left.
You knew the following spells:

 Your Spells              Type           Power      Damage    Failure   Level
a - Sandblast             Erth           100%       2d20      1%          1
b - Mephitic Cloud        Conj/Pois/Air  38%        N/A       1%          3
e - Olgreb's Toxic Radia  Pois           26%        N/A       13%         4
i - Iron Shot             Conj/Erth      24%        9d5       21%         6
p - Petrify               Tmut/Erth      42%        N/A       2%          4
u - Freezing Cloud        Conj/Ice/Air   20%        6-21      8%          5

Your spell library contained the following spells:

 Spells                   Type           Power      Damage    Failure   Level
 Passwall                 Tmut/Erth      35%        N/A       1%          2
 Poisonous Vapours        Pois/Air       72%        N/A       1%          2
 Ozocubu's Armour         Ice            34%        N/A       1%          3
 Stone Arrow              Conj/Erth      96%        3d13      1%          3
 Vhi's Electric Charge    Tloc/Air       60%        N/A       2%          3
 Arcjolt                  Conj/Air       22%        1d32      5%          5
 Lesser Beckoning         Tloc           28%        N/A       7%          2
 Iskenderun's Battlesphe  Conj           42%        2d9       7%          5
 Gell's Gravitas          Tloc           14%        N/A       14%         3
 Portal Projectile        Hex/Tloc       28%        N/A       14%         3
 Teleport Other           Tloc           14%        N/A       14%         3
 Tukima's Dance           Hex            14%        N/A       14%         3
 Blade Hands              Tmut           15%        N/A       24%         5
 Cause Fear               Hex            7%         N/A       41%         4
 Metabolic Englaciation   Hex/Ice        12%        N/A       41%         5
 Simulacrum               Ice/Necr       12%        N/A       94%         6
 Ozocubu's Refrigeration  Ice            17%        4d11      99%         7
 Dragon Form              Tmut           15%        N/A       100%        7
 Spellforged Servitor     Conj/Summ      14%        N/A       100%        7
 Discord                  Hex            7%         N/A       100%        8
 Ignition                 Fire           7%         3d4       100%        8
 Maxwell's Capacitive Co  Air            23%        ∞         100%        8
 Dragon's Call            Summ           7%         N/A       100%        9
 Polar Vortex             Ice            17%        N/A       100%        9


Dungeon Overview and Level Annotations

Branches:
Dungeon (12/15)            Temple (1/1) D:5            Lair (5/5) D:11
  Swamp (0/4) Lair:3        Snake (0/4) Lair:2          Orc (2/2) D:9
    Elf (0/3) Orc:2         IceCv (1/1)
  Slime: Lair:4-5

Altars:
Ashenzari
Cheibriados
Dithmenos
Fedhas
Gozag
Hepliaklqana
Kikubaaqudgha
Makhleb
Nemelex Xobeh
Okawaru
Qazlal
Ru
Sif Muna
Trog
Uskayaw
Vehumet
Wu Jian
Xom
Zin
The Shining One

Shops:
D:3 ?

Annotations:
D:4 2 transporters, exclusion: 2 downstairs, Draugr's ghost, amateur DjFE
D:7 exclusion: downstairs
D:10 2 transporters, Erolcha; Sensen's ghost, novice TrBe
Lair:4 exclusion: downstairs IceCv exclusion: ice statue


Innate Abilities, Weirdness & Mutations

You cannot wear most types of armour.
You are amphibious.
You can wear up to eight rings at the same time.
Your skin changes colour to match your surroundings (Stealth+).
Your rubbery body absorbs attacks. (AC +1, EV +1)
((You are camouflaged when in or above water. (Stealth+)))
You have tentacles for arms and can constrict up to eight enemies at once.
You are partially covered in iridescent scales. (AC +2)


Message History

Confirm with . or Enter, or press ? or * to list all spells.
Aiming: Sandblast (safe; 1% risk of failure)
Press: ? - help, Shift-Dir - straight line, f/p - slime creature
Aim: a slime creature (severely wounded, 97% to hit)
The blast of sand misses the slime creature.
The slime creature hits you!! The slime creature hits you!
Casting: Sandblast (safe; 1% risk of failure)
Confirm with . or Enter, or press ? or * to list all spells.
The spell is quite dangerous to miscast (21% risk of failure)!
Continue anyway?
Okay, then.
Casting: Iron Shot (quite dangerous; 21% risk of failure)
Confirm with . or Enter, or press ? or * to list all spells.
Aiming: Sandblast (safe; 1% risk of failure)
Press: ? - help, Shift-Dir - straight line, f - slime creature, p - slime creature
Aim: a slime creature (severely wounded, 97% to hit)
You miscast Sandblast.
You are very lightly contaminated with residual magic.
Nothing appears to happen.
The slime creature hits you!
The slime creature hits you but does no damage.
Casting: Sandblast (safe; 1% risk of failure)
Confirm with . or Enter, or press ? or * to list all spells.
Aiming: Sandblast (safe; 1% risk of failure)
Press: ? - help, Shift-Dir - straight line, f/p - slime creature
Aim: a slime creature (severely wounded, 97% to hit)
The blast of sand hits the slime creature!!
You kill the slime creature!
Sif Muna accepts your kill. The slime creature hits you!
The slime creature is engulfed in freezing vapours. x2
The slime creature closely misses you.
Casting: Sandblast (safe; 1% risk of failure)
Confirm with . or Enter, or press ? or * to list all spells.
Aiming: Freezing Cloud (dangerous; 8% risk of failure)
Press: ? - help, Dir - move target That beam is likely to hit you.
Continue anyway?
You miscast Freezing Cloud.
The wind whips around you!
* * * LOW HITPOINT WARNING * * *
The slime creature completely misses you.
The slime creature hits you!!
You die...

##....###
###...........##
##....### #.........###
#.......### ###########
###.......###########
###...............##
.######...........####
... ##.####........##
.....###.######.......#
#...°.J@......####.....#
.§.§.§J........# #....#
#☼..§.##......## ...8#
...☼## #.....## ..## ...
........ ### .#
##....... #######


You could see 2 slime creatures.

Vanquished Creatures
  A quicksilver ooze (IceCv)
  Snorg (D:11)
  Josephine (D:12)
  4 hydras
  2 two-headed ogres (D:11)
  A boulder beetle (Lair:1)
  3 death yaks (Lair:3)
  Sonja (Lair:2)
  3 skysharks
  A wizard (Lair:5)
  An orc knight (Orc:2)
  A lindwurm (Lair:5)
  A deep elf pyromancer (D:12)
  5 oklob plants
  A manticore (D:12)
  A cyclops (D:10)
  9 elephants
  4 black mambas
  Maurice (D:12)
  An ice statue (IceCv)
  An orange demon (Lair:5)
  An unseen horror (D:11)
  Psyche (D:9)
  15 cane toads
  3 kobold demonologists
  9 komodo dragons
  6 rime drakes
  2 trolls (D:11)
  A hornet (Lair:4)
  2 polar bears
  29 blink frogs
  6 dream sheep (Lair:3)
  13 slime creatures (IceCv)
  A shadow (D:12)
  A vampire (D:11)
  7 wyverns
  6 wraiths
  26 yaks
  6 basilisks
  2 steam dragons
  3 nagas (Lair:2)
  13 water moccasins
  2 acid dragons
  2 hell hounds (Lair:5)
  8 orc warriors
  A black bear (D:6)
  4 ogres
  28 wolves
  2 great orb of eyes simulacra (IceCv)
  A centaur (D:8)
  3 slime creature simulacra (IceCv)
  12 kobold brigands
  9 bullfrogs
  3 gnoll sergeants
  6 scorpions
  A glowing shapeshifter simulacrum (IceCv)
  11 wights
  14 killer bees
  5 howler monkeys
  4 vampire bats (Lair:4)
  Crazy Yiuf (D:7)
  4 orc priests
  4 hounds
  7 jellies
  An iguana (D:5)
  10 orc wizards
  2 shapeshifter simulacra (IceCv)
  15 adders
  20 gnolls
  2 shadow imps (D:8)
  14 white imps
  2 ufetubi
  3 worms
  3 dart slugs
  45 orcs
  5 endoplasms
  A giant cockroach (D:3)
  7 goblins
  9 hobgoblins
  3 quokkas
  5 ball pythons
  14 bats
  6 frilled lizards
  48 kobolds
  12 kobold skeletons (D:8)
  6 kobold zombies (D:8)
  7 rats
569 creatures vanquished.

Vanquished Creatures (collateral kills)
  A wyvern (D:11)
  4 yaks
  A basilisk (D:11)
  A water moccasin (D:11)
  A wolf (D:11)
  A centaur (D:11)
  An iguana (D:11)
10 creatures vanquished.

Grand Total: 579 creatures vanquished

Notes
Turn   | Place    | Note
-------+----------+-------------------------------------------
     0 | D:1      | Atelerd the Octopode Earth Elementalist began the quest for
                  | the Orb.
     0 | D:1      | Reached XP level 1. HP: 11/11 MP: 3/3
   161 | D:1      | Reached XP level 2. HP: 17/17 MP: 3/5
   387 | D:1      | Found a faded altar of an unknown god.
   512 | D:1      | Reached XP level 3. HP: 21/21 MP: 4/6
  1315 | D:2      | Reached XP level 4. HP: 27/27 MP: 8/8
  1833 | D:3      | Found a stormy altar of Qazlal.
  2092 | D:3      | Found Plog's Magic Scroll Shop.
  2107 | D:3      | Bought a scroll of identify for 24 gold pieces
  2107 | D:3      | Bought a scroll of teleportation for 36 gold pieces
  2146 | D:3      | Reached skill level 3 in Spellcasting
  2150 | D:3      | Reached XP level 5. HP: 31/31 MP: 3/9
  2738 | D:4      | Found a bloodstained altar of Trog.
  2935 | D:4      | Found a transporter.
  2936 | D:4      | Identified the +4 giant club of Ascent {heavy, rElec rN+
                  | Will+}
  2936 | D:4      | Noticed an ogre
  2936 | D:4      | Noticed Draugr's ghost (amateur DjFE)
  2942 | D:4      | Found a transporter.
  3183 | D:4      | Found a radiant altar of Vehumet.
  3332 | D:4      | Found an iron altar of Okawaru.
  3363 | D:4      | Reached XP level 6. HP: 36/36 MP: 8/11
  3655 | D:5      | Entered Level 5 of the Dungeon
  3678 | D:5      | Learned a level 4 spell: Petrify
  4319 | D:5      | Reached skill level 1 in Fighting
  4513 | D:5      | Reached skill level 1 in Short Blades
  4520 | D:5      | Reached XP level 7. HP: 40/43 MP: 10/12
  4742 | D:5      | Found a staircase to the Ecumenical Temple.
  5669 | Temple   | Entered the Ecumenical Temple
  5775 | Temple   | Became a worshipper of Sif Muna the Loreminder
  5979 | D:6      | Reached skill level 4 in Spellcasting
  6034 | D:6      | Reached skill level 5 in Earth Magic
  6067 | D:6      | Reached skill level 5 in Stealth
  6612 | D:6      | Reached XP level 8. HP: 48/48 MP: 6/14
  6688 | D:6      | Reached skill level 5 in Spellcasting
  6724 | D:6      | Reached * piety under Sif Muna
  6927 | D:6      | Found a blossoming altar of Fedhas.
  7671 | D:7      | Reached skill level 6 in Spellcasting
  8055 | D:7      | Found a runed translucent door.
  8056 | D:7      | Noticed Crazy Yiuf
  8102 | D:7      | Found a sacrificial altar of Ru.
  8124 | D:7      | Learned a level 3 spell: Mephitic Cloud
  8295 | D:7      | Identified the +5 hand axe "Depti" {freeze, *Corrode +Blink
                  | Stlth+}
  8306 | D:7      | Reached XP level 9. HP: 45/53 MP: 10/18
  8486 | D:7      | Reached skill level 1 in Poison Magic
  8509 | D:7      | Reached skill level 1 in Conjurations
  8509 | D:7      | Reached skill level 1 in Air Magic
  8509 | D:7      | Reached skill level 1 in Invocations
  8803 | D:7      | Killed Crazy Yiuf
  8942 | D:8      | Found a snail-covered altar of Cheibriados.
  9255 | D:8      | Reached skill level 7 in Spellcasting
  9581 | D:8      | Noticed a kobold demonologist
  9591 | D:8      | Killed a kobold demonologist
  9592 | D:8      | Reached skill level 8 in Spellcasting
  9626 | D:8      | Reached ** piety under Sif Muna
  9880 | D:8      | Reached skill level 9 in Spellcasting
 10000 | D:8      | Reached XP level 10. HP: 58/58 MP: 10/23
 10022 | D:8      | Found an ancient bone altar of Kikubaaqudgha.
 10186 | D:8      | Reached *** piety under Sif Muna
 10361 | D:8      | Learned a level 5 spell: Freezing Cloud
 10923 | D:9      | Reached skill level 10 in Spellcasting
 10927 | D:9      | Reached skill level 1 in Ice Magic
 11517 | D:9      | Found a staircase to the Orcish Mines.
 11613 | D:9      | Noticed Psyche
 11616 | D:9      | Killed Psyche
 12169 | D:9      | Reached **** piety under Sif Muna
 12336 | D:9      | Found an ornate altar of the Wu Jian Council.
 12342 | D:9      | Found a broken altar of Ashenzari.
 12350 | D:9      | Found a shimmering altar of Xom.
 12355 | D:9      | Found an ancient bone altar of Kikubaaqudgha.
 12366 | D:9      | Found a sparkling altar of Nemelex Xobeh.
 12374 | D:9      | Found a hide-covered altar of Uskayaw.
 12379 | D:9      | Found a glowing golden altar of the Shining One.
 12517 | Orc:1    | Entered Level 1 of the Orcish Mines
 12683 | D:10     | Entered Level 10 of the Dungeon
 12889 | D:10     | Found a transporter.
 12889 | D:10     | Noticed Sensen's ghost (novice TrBe)
 12895 | D:10     | Noticed a deep elf pyromancer
 12898 | D:10     | Found a transporter.
 12912 | D:10     | Noticed a cyclops
 12916 | D:10     | Noticed an orc knight
 12924 | D:10     | Killed a cyclops
 12925 | D:10     | Reached XP level 11. HP: 63/63 MP: 18/25
 13217 | D:10     | Learned a level 4 spell: Olgreb's Toxic Radiance
 13264 | D:10     | Found an opulent altar of Gozag.
 13575 | D:10     | Noticed Erolcha
 13583 | D:11     | Noticed a two-headed ogre
 13597 | D:11     | Killed a two-headed ogre
 13867 | D:11     | Gained mutation: You are vulnerable to cold. (rC-) [potion
                  | of mutation]
 13990 | D:11     | Found a staircase to the Lair.
 14114 | Lair:1   | Entered Level 1 of the Lair of Beasts
 14117 | Lair:1   | Noticed a boulder beetle
 14158 | Lair:1   | Killed a boulder beetle
 14173 | Lair:1   | Lost mutation: You are vulnerable to cold. (rC-) [potion of
                  | mutation]
 14173 | Lair:1   | Gained mutation: You are partially covered in iridescent
                  | scales. (AC +2) [potion of mutation]
 14206 | D:11     | Noticed a two-headed ogre
 14211 | D:11     | Noticed a sun demon
 14314 | D:11     | Noticed Snorg
 14817 | D:11     | Killed a two-headed ogre
 15062 | D:11     | Killed Snorg
 15063 | D:11     | Reached skill level 11 in Spellcasting
 15063 | D:11     | Reached skill level 5 in Air Magic
 15063 | D:11     | Reached XP level 12. HP: 68/68 MP: 23/27
 15141 | D:12     | Reached ***** piety under Sif Muna
 15142 | D:12     | Reached skill level 5 in Conjurations
 15235 | D:12     | Noticed Josephine
 15278 | D:12     | Noticed Maurice
 15286 | D:12     | Killed Maurice
 15287 | D:12     | Reached skill level 5 in Ice Magic
 15327 | D:12     | Reached skill level 10 in Stealth
 15838 | D:12     | Killed Josephine
 17417 | Lair:1   | Received a gift from Sif Muna
 17436 | Lair:1   | Reached skill level 5 in Invocations
 17952 | Lair:1   | Reached skill level 5 in Dodging
 18097 | Lair:2   | Noticed Sonja
 18101 | Lair:2   | Killed Sonja
 18364 | Lair:2   | Found a staircase to the Snake Pit.
 18987 | Lair:2   | Reached XP level 13. HP: 77/77 MP: 13/28
 19572 | Lair:3   | Found a staircase to the Swamp.
 19982 | Lair:3   | Reached skill level 12 in Spellcasting
 21074 | Lair:3   | Reached skill level 13 in Spellcasting
 21841 | Lair:4   | Received a gift from Sif Muna
 21856 | Lair:4   | Learned a level 6 spell: Iron Shot
 22524 | Lair:4   | Reached XP level 14. HP: 83/83 MP: 13/31
 23441 | Lair:5   | Entered Level 5 of the Lair of Beasts
 25022 | Lair:5   | Reached skill level 14 in Spellcasting
 25248 | Lair:5   | Reached skill level 10 in Earth Magic
 25768 | Lair:5   | Found a burning altar of Makhleb.
 25784 | Lair:5   | HP: 4/83 [sun demon (10)]
 26619 | Orc:2    | Entered Level 2 of the Orcish Mines
 26628 | Orc:2    | Received a gift from Sif Muna
 26664 | Orc:2    | Found a frozen archway.
 26863 | IceCv    | Entered an ice cave
 27706 | IceCv    | Noticed a quicksilver ooze
 27750 | IceCv    | Killed a quicksilver ooze
 27992 | IceCv    | Slain by a slime creature

Illustrated notes

Levels and vault maps discovered:
D:1:      lightli_arrival_windingriver, layout_basic,
          shapermc_ecumenical_altar_gd, minmay_statues_item
D:2:      layout_basic
D:3:      layout_basic, nicolae_qazlal_eye_of_the_storm, serial_shops,
          nicolae_diamond_shop, reono_crystal_passage, saegor_snake_ambush
D:4:      layout_loops_corners, trog_antimagical, kennysheep_mini_moat,
          okawaru_metal_pillars_3, gammafunk_ghost_smash
D:5:      layout_layer_cave, minmay_temple_entry_large_hall
D:6:      old_forge, layout_basic, mainiacjoe_overflow_surrounded_room,
          lightli_orcish_oven
D:7:      mumra_celtic_spiral_tile, layout_basic, kennysheep_little_box,
          uniq_crazy_yiuf_cottage
D:8:      wander_kiku_kobolds, layout_basic, old_standard_altar
D:9:      layout_irregular_city, grunt_temple_overflow_octagram, david_orc_3,
          dreamdust_princess_bridge, uniq_psyche
D:10:     layout_irregular_city, mainiacjoe_overflow_cross_hatched,
          gammafunk_ghost_arena, uniq_erolcha
D:11:     layout_roguey, minmay_lair_entry_grove, kennysheep_decorative_pillar,
          uniq_snorg
D:12:     layout_loops_ring, uniq_maurice, uniq_josephine
Temple:   hellmonk_temple_beads
Lair:1:   layout_misc_corridors
Lair:2:   layout_loops_ring, guppyfry_snake_entry_island, worms_lemuel,
          uniq_sonja
Lair:3:   minmay_lair_oklob_chamber, layout_cave_pods, swamp_mist_pool
Lair:4:   layout_layer_cave, roderic_batcave, pdpol_lair_neglected_garden
Lair:5:   evil_forest, layout_layer_cave, nicolae_slime_entry_field_trip,
          grunt_forest_large_clearings, grunt_megastairs_4
Orc:1:    layout_caves
Orc:2:    kennysheep_orc_mage_school, layout_caves, portal_ice_cave_entry_imps,
          serial_shops, nicolae_shop_bloodbath_and_beyond, basic_altar
IceCv:    ice_cave_hellmonk_azure_passage

Skill      XL: |  1  2  3  4  5  6  7  8  9 10 11 12 13 14 |
---------------+-------------------------------------------+-----
Transmutations | 2 3 4 |  4.0
Spellcasting   | 3 4 6 9 10 11 13 14 | 14.0
Earth Magic    | 4 5 7 8 10 | 10.0
Stealth        | 3 6 7 9 11 12 13 | 13.1
Fighting       | 1 3 |  3.0
Short Blades   | 1 2 3 |  3.0
Poison Magic   | 1 3 |  3.0
Conjurations   | 1 3 4 6 7 |  7.2
Air Magic      | 1 3 5 6 8 |  8.2
Invocations    | 1 3 4 5 7 |  7.2
Ice Magic      | 3 4 5 |  5.0
Dodging        | 4 5 6 7 |  7.1

Action                     |  1- 3 |  4- 6 |  7- 9 | 10-12 | 13-15 || total
---------------------------+-------+-------+-------+-------+-------++-------
  Melee: Unarmed           |     6 |       |       |       |       ||     6
         Constrict         |     5 |     4 |    26 |    28 |    22 ||    85
         Tentacles         |     5 |     1 |    29 |    57 |    44 ||   136
         Dagger            |    11 |    20 |    33 |       |       ||    64
         Short sword       |       |       |    61 |   187 |   147 ||   395
         Punch             |       |       |     1 |     4 |     3 ||     8
   Cast: Sandblast         |    44 |    83 |   156 |   236 |   191 ||   710
         Petrify           |       |     6 |    31 |   109 |   109 ||   255
         Mephitic Cloud    |       |       |       |     9 |    15 ||    24
         Freezing Cloud    |       |       |       |     7 |    52 ||    59
         Olgreb's Toxic Ra |       |       |       |       |    18 ||    18
         Iron Shot         |       |       |       |       |     8 ||     8
 Invoke: Channel Magic     |       |       |       |       |     5 ||     5
  Evoke: Wand              |       |     1 |       |    30 |    13 ||    44
    Use: Scroll            |       |     7 |       |    15 |     8 ||    30
         Potion            |       |       |       |     8 |    13 ||    21
   Stab: Petrified         |       |     4 |    45 |   112 |    87 ||   248
         Sleeping          |       |       |     7 |     8 |     5 ||    20
         Petrifying        |       |       |     1 |     2 |     1 ||     4
         Confused          |       |       |       |     4 |     2 ||     6
         Distracted        |       |       |       |     1 |     1 ||     2
 Armour: Skin              |     3 |     6 |    26 |    43 |    44 ||   122
  Dodge: Dodged            |    15 |    34 |    98 |   228 |   198 ||   573
